 Dungeon Crawl Stone Soup version 0.28.0 (webtiles) character file.

Game seed: 225157493899883897

7786 Renzlar the Covert (level 11, 85/85 HPs)
             Began as a Gnoll Brigand on Feb 8, 2022.
             Was an Elder of Okawaru.
             Quit the game on level 9 of the Dungeon.
             The game lasted 00:54:45 (12062 turns).

Renzlar the Covert (Gnoll Brigand)                 Turns: 12062, Time: 00:54:46

Health: 85/85      AC:  7    Str: 14    XL:     11   Next: 20%
Magic:  20/20      EV: 13    Int: 12    God:    Okawaru [****..]
Gold:   721        SH:  9    Dex: 13    Spells: 19/22 levels left

rFire   x . .      SeeInvis .   g - +3 dagger (venom)
rCold   + . .      Faith    .   p - +0 kite shield
rNeg    . . .      Spirit   .   u - +0 robe {Will+}
rPois   .          Reflect  .   L - +0 helmet
rElec   .          Harm     .   k - +0 cloak
rCorr   .          Rampage  .   l - +1 pair of gloves
Will    +....                   (no boots)
Stlth   ++++......              (no amulet)
HPRegen 0.24/turn               K - ring of ice
MPRegen 0.17/turn               F - ring of flight

@: flying
A: fangs 1, strong nose, distributed training
a: Renounce Religion, Heroism, Finesse


You were on level 9 of the Dungeon.
You worshipped Okawaru.
Okawaru was greatly pleased with you.
You visited 2 branches of the dungeon, and saw 10 of its levels.
You also visited: Sewer and Bailey.

You collected 832 gold pieces.
You spent 111 gold pieces at shops.

Inventory:

Hand Weapons
 b - a +3 scimitar
 c - a +0 hunting sling
 g - a +3 dagger of venom (weapon)
 r - a +0 hand crossbow
Missiles
 a - 191 stones
 d - 50 poisoned darts
 e - 6 curare-tipped darts
 m - 6 javelins
 n - 95 bolts
 G - 4 datura-tipped darts
 I - 6 atropa-tipped darts (quivered)
Armour
 k - a +0 cloak (worn)
 l - a +1 pair of gloves (worn)
 p - a +0 kite shield (worn)
 u - a +0 robe of willpower (worn)
 L - a +0 helmet (worn)
Jewellery
 f - a ring of positive energy
 h - a ring of poison resistance
 j - a +4 ring of slaying
 y - a ring of fire
 F - a ring of flight (right hand)
 K - a ring of ice (left hand)
 O - a ring of ice
Wands
 E - a wand of digging (5)
 H - a wand of iceblast (3)
 M - a wand of paralysis (4)
Scrolls
 q - a scroll of fear
 s - 5 scrolls of teleportation
 t - a scroll of enchant armour
 w - 2 scrolls of blinking
 B - 2 scrolls of magic mapping
 P - 3 scrolls of identify
Potions
 i - 3 potions of might
 v - 2 potions of cancellation
 x - 2 potions of curing
 z - 3 potions of haste
 A - a potion of invisibility {unknown}
 C - a potion of brilliance {unknown}
 D - a potion of mutation {unknown}
 N - a potion of flight {unknown}
Miscellaneous
 J - a piece from Xom's chessboard (15/15)


   Skills:
 + Level 7.7 Fighting
 + Level 7.7 Short Blades
 + Level 6.1 Long Blades
 + Level 6.1 Axes
 + Level 6.1 Maces & Flails
 + Level 6.1 Polearms
 + Level 6.1 Staves
 + Level 6.1 Slings
 + Level 6.1 Bows
 + Level 6.1 Crossbows
 + Level 7.7 Throwing
 + Level 6.1 Armour
 + Level 6.6 Dodging
 + Level 9.9 Stealth
 + Level 6.1 Shields
 + Level 6.1 Unarmed Combat
 + Level 6.1 Spellcasting
 + Level 5.0 Conjurations
 + Level 5.0 Hexes
 + Level 5.0 Summonings
 + Level 5.0 Necromancy
 + Level 5.0 Translocations
 + Level 5.0 Transmutations
 + Level 5.0 Fire Magic
 + Level 5.0 Ice Magic
 + Level 5.0 Air Magic
 + Level 5.0 Earth Magic
 + Level 5.0 Poison Magic
 + Level 6.6 Invocations
 + Level 6.1 Evocations


You had 19 spell levels left.
You knew the following spells:

 Your Spells              Type           Power      Damage    Failure   Level
a - Frozen Ramparts       Ice            46%        1d6       19%         3

Your spell library contained the following spells:

 Spells                   Type           Power      Damage    Failure   Level
 Freeze                   Ice            92%        1d10      6%          1
 Ignite Poison            Fire/Tmut/Pois 15%        N/A       19%         3
 Inner Flame              Hex/Fire       15%        N/A       19%         3
 Mephitic Cloud           Conj/Pois/Air  15%        N/A       19%         3
 Cause Fear               Hex            7%         N/A       52%         4
 Hailstorm                Conj/Ice       23%        3d7       52%         4
 Freezing Cloud           Conj/Ice/Air   11%        6-21      86%         5
 Discord                  Hex            7%         N/A       100%        8
 Summon Ice Beast         Ice/Summ       Unusable   N/A       N/A         4
 Summon Mana Viper        Hex/Summ       Unusable   N/A       N/A         5
 Monstrous Menagerie      Summ           Unusable   N/A       N/A         7

Dungeon Overview and Level Annotations

Branches:
Dungeon (9/15)             Temple (1/1) D:6            Lair (0/6) D:9
  Sewer (visited)          Bailey (visited)
    Orc: D:9-12

Altars:
Elyvilon
Fedhas
Gozag
Hepliaklqana
Kikubaaqudgha
Nemelex Xobeh
Okawaru
Ru
Sif Muna
Trog
Vehumet
Wu Jian
Yredelemnul
Zin

Shops:
D:1 *   D:5 ![(   D:6 *   D:7 *

Annotations:
D:9 exclusion: ice statue


Innate Abilities, Weirdness & Mutations

You have very sharp teeth.
Your uncanny sense of smell can sniff out nearby items.
Your experience applies equally to all skills.


Message History

The ice devil is heavily wounded.
The ice devil hits you but does no damage.
The ice devil closely misses you.
Unknown command.
You hit the ice devil but do no damage.
You bite the ice devil, but do no damage.
The ice devil is heavily wounded.
The ice devil hits you but does no damage.
The ice devil misses you.
The ice devil splashes around in the water.
Unknown command.
You closely miss the ice devil.
The ice devil is heavily wounded.
The ice devil hits you! The ice devil freezes you. You resist.
The ice devil hits you. The ice devil freezes you. You resist.
The ice devil completely misses you.
Unknown command.
You closely miss the ice devil.
The ice devil is heavily wounded.
You block the ice devil's attack. The ice devil hits you!
The ice devil freezes you! You resist.
Unknown command.
You completely miss the ice devil. Your bite misses the ice devil.
The ice devil is heavily wounded.
You block the ice devil's attack. The ice devil hits you!
The ice devil freezes you. You resist.
Unknown command.
You start resting.
The ice statue glitters chillingly in the dim dungeon light.
Unknown command.
You start resting.
The ice statue glitters chillingly in the dim dungeon light. x8
You start resting.
The ice statue glitters chillingly in the dim dungeon light. x5
HP restored.
Are you sure you want to abandon this character and quit the game? (Confirm with "yes".)
Okay, then.
Your +3 dagger of venom begins to drip with poison!
g - a +3 dagger of venom (weapon)
Are you sure you want to abandon this character and quit the game? (Confirm with "yes".)

#.########.###.#.....###........#
#................................
#.#.....#...##.##########..#.....
#.........#..#.###########....#..
##.......###.....................
#..##.)≈≈≈≈≈..##.######....#....
#..###≈≈((≈≈≈###.# ###.#######.
#...##(((((((##..####...# ..
#...≈≈(((((((4≈@......### ##.#
##..≈≈≈(##(##(4≈≈......#### #..#
#..#≈≈.(#[((#((≈≈#........####.##
..##≈≈..()8((..≈≈##.............#
...#≈≈..#($[#(.≈≈#....########.##
.#..≈≈≈.##.##.≈≈≈.....#######..#.
##...≈≈≈(....≈≈≈..####...##......
.#...##≈≈...≈≈##..###..........##
:...###≈≈≈≈≈≈≈###.##............#


You could see an ice statue and 2 ice devils.

Vanquished Creatures
  A boulder beetle (D:7)
  A two-headed ogre (D:8)
  An orc knight (Bailey)
  Joseph (D:8)
  3 ice devils (D:9)
  Prince Ribbit (D:5)
  A hornet (D:8)
  A steam dragon (D:8)
  A water moccasin (D:7)
  A sky beast (D:6)
  2 black bears
  2 necrophages
  6 orc warriors
  An ice beast (D:7)
  4 ogres
  A phantom (D:6)
  3 centaurs
  9 kobold brigands
  A wyvern zombie (D:9)
  A gnoll sergeant (D:6)
  2 bullfrogs (D:7)
  2 scorpions
  A water moccasin zombie (D:5)
  4 wyvern skeletons
  6 wights
  8 howler monkeys
  3 jellies
  A bullfrog zombie (D:5)
  A centaur skeleton (D:7)
  4 orc priests
  3 hounds
  Ijyb (D:5)
  5 iguanas
  2 orc wizards
  A hound skeleton (D:4)
  11 gnolls
  8 adders
  A howler monkey skeleton (D:5)
  8 river rats (Sewer)
  A white imp (D:5)
  7 ufetubi (D:9)
  2 worms
  4 dart slugs
  14 orcs
  5 bats
  6 endoplasms
  10 giant cockroaches
  11 goblins
  10 hobgoblins
  7 quokkas
  12 ball pythons
  A frilled lizard (D:3)
  29 kobolds
  20 rats (Sewer)
253 creatures vanquished.

Notes
Turn   | Place    | Note
-------+----------+-------------------------------------------
     0 | D:1      | Renzlar the Gnoll Brigand began the quest for the Orb.
     0 | D:1      | Reached XP level 1. HP: 20/20 MP: 1/1
   198 | D:1      | Reached XP level 2. HP: 26/26 MP: 2/2
   306 | D:1      | Found Hecludaon's General Store.
   756 | D:1      | Found a faded altar of an unknown god.
  1587 | D:2      | Reached XP level 3. HP: 31/31 MP: 3/3
  2269 | D:3      | Reached skill level 1 in Invocations
  2340 | D:3      | Reached skill level 1 in Long Blades
  2340 | D:3      | Reached skill level 1 in Axes
  2340 | D:3      | Reached skill level 1 in Maces & Flails
  2340 | D:3      | Reached skill level 1 in Polearms
  2340 | D:3      | Reached skill level 1 in Staves
  2340 | D:3      | Reached skill level 1 in Slings
  2340 | D:3      | Reached skill level 1 in Bows
  2340 | D:3      | Reached skill level 1 in Crossbows
  2340 | D:3      | Reached skill level 1 in Armour
  2340 | D:3      | Reached skill level 1 in Shields
  2340 | D:3      | Reached skill level 1 in Unarmed Combat
  2340 | D:3      | Reached skill level 1 in Spellcasting
  2340 | D:3      | Reached skill level 1 in Evocations
  2367 | D:3      | Reached XP level 4. HP: 37/38 MP: 5/5
  2603 | D:3      | Reached skill level 1 in Conjurations
  2603 | D:3      | Reached skill level 1 in Hexes
  2603 | D:3      | Reached skill level 1 in Summonings
  2603 | D:3      | Reached skill level 1 in Necromancy
  2603 | D:3      | Reached skill level 1 in Translocations
  2603 | D:3      | Reached skill level 1 in Transmutations
  2603 | D:3      | Reached skill level 1 in Fire Magic
  2603 | D:3      | Reached skill level 1 in Ice Magic
  2603 | D:3      | Reached skill level 1 in Air Magic
  2603 | D:3      | Reached skill level 1 in Earth Magic
  2603 | D:3      | Reached skill level 1 in Poison Magic
  2613 | D:3      | Reached XP level 5. HP: 19/43 MP: 5/7
  3020 | D:4      | Noticed a black bear
  3032 | D:4      | Killed a black bear
  3033 | D:4      | Reached skill level 8 in Stealth
  3033 | D:4      | Reached XP level 6. HP: 30/50 MP: 8/8
  3120 | D:4      | Reached skill level 5 in Fighting
  3120 | D:4      | Reached skill level 5 in Short Blades
  3120 | D:4      | Reached skill level 5 in Throwing
  3376 | D:4      | Learned a level 3 spell: Frozen Ramparts
  3613 | D:4      | Noticed a necrophage
  3620 | D:4      | Killed a necrophage
  3621 | D:4      | Reached XP level 7. HP: 56/56 MP: 10/10
  4522 | D:5      | Entered Level 5 of the Dungeon
  4526 | D:5      | Noticed Prince Ribbit
  4532 | D:5      | Killed Prince Ribbit
  4540 | D:5      | Reached XP level 8. HP: 63/63 MP: 10/12
  4735 | D:5      | Noticed Ijyb
  4737 | D:5      | Paralysed by Ijyb for 5 turns
  4748 | D:5      | Killed Ijyb
  5071 | D:5      | Found Huociff's Distillery.
  5072 | D:5      | Found Othriaq's Magic Scroll Boutique.
  5072 | D:5      | Found Yguteacu's Antique Weapon Boutique.
  5078 | D:5      | Found Racora Usui's Antique Armour Boutique.
  5086 | D:5      | Bought an embroidered robe for 111 gold pieces
  5900 | D:6      | Found a glowing drain.
  5922 | Sewer    | Entered a sewer
  5957 | Sewer    | Reached XP level 9. HP: 69/69 MP: 14/14
  6866 | D:6      | Reached skill level 5 in Dodging
  6939 | D:6      | Found a staircase to the Ecumenical Temple.
  6962 | Temple   | Entered the Ecumenical Temple
  7004 | Temple   | Became a worshipper of Warmaster Okawaru
  7066 | D:6      | Reached skill level 9 in Stealth
  7159 | D:6      | Found Gumpo Ocobb's Gadget Gallery.
  7713 | D:7      | Reached skill level 5 in Invocations
  7722 | D:7      | Reached * piety under Okawaru
  7867 | D:7      | Noticed a boulder beetle
  7894 | D:7      | Killed a boulder beetle
  7894 | D:7      | Reached ** piety under Okawaru
  7895 | D:7      | Reached skill level 5 in Long Blades
  7895 | D:7      | Reached skill level 5 in Axes
  7895 | D:7      | Reached skill level 5 in Maces & Flails
  7895 | D:7      | Reached skill level 5 in Polearms
  7895 | D:7      | Reached skill level 5 in Staves
  7895 | D:7      | Reached skill level 5 in Slings
  7895 | D:7      | Reached skill level 5 in Bows
  7895 | D:7      | Reached skill level 5 in Crossbows
  7895 | D:7      | Reached skill level 5 in Armour
  7895 | D:7      | Reached skill level 5 in Shields
  7895 | D:7      | Reached skill level 5 in Unarmed Combat
  7895 | D:7      | Reached skill level 5 in Spellcasting
  7895 | D:7      | Reached skill level 5 in Evocations
  7895 | D:7      | Reached XP level 10. HP: 13/77 MP: 15/17
  8386 | D:7      | Found Kiax's Elemental Accessories.
  9185 | D:8      | Found a flagged portal.
  9198 | Bailey   | Entered a bailey
  9324 | Bailey   | Reached *** piety under Okawaru
  9344 | Bailey   | Noticed an orc knight
  9361 | Bailey   | Killed an orc knight
  9612 | Bailey   | Found a burning altar of Makhleb.
  9728 | D:8      | Noticed Joseph
  9741 | D:8      | Killed Joseph
  9984 | D:8      | Received a gift from Okawaru
 10173 | D:8      | Reached **** piety under Okawaru
 10380 | D:8      | Noticed a two-headed ogre
 10385 | D:8      | Killed a two-headed ogre
 10386 | D:8      | Reached XP level 11. HP: 84/84 MP: 19/19
 10563 | D:8      | Found an ornate altar of the Wu Jian Council.
 10563 | D:8      | Found a blossoming altar of Fedhas.
 10606 | D:8      | Found a white marble altar of Elyvilon.
 10834 | D:9      | Found a staircase to the Lair.
 11353 | D:9      | Reached skill level 5 in Conjurations
 11353 | D:9      | Reached skill level 5 in Hexes
 11353 | D:9      | Reached skill level 5 in Summonings
 11353 | D:9      | Reached skill level 5 in Necromancy
 11353 | D:9      | Reached skill level 5 in Translocations
 11353 | D:9      | Reached skill level 5 in Transmutations
 11353 | D:9      | Reached skill level 5 in Fire Magic
 11353 | D:9      | Reached skill level 5 in Ice Magic
 11353 | D:9      | Reached skill level 5 in Air Magic
 11353 | D:9      | Reached skill level 5 in Earth Magic
 11353 | D:9      | Reached skill level 5 in Poison Magic
 12062 | D:9      | Quit the game

Illustrated notes

Levels and vault maps discovered:
D:1:      eino_arrival_cavern_a, layout_basic,
          shapermc_ecumenical_altar_mp_urbaneastern, serial_shops,
          nicolae_shop_crystal
D:2:      layout_basic
D:3:      layout_rooms
D:4:      layout_basic
D:5:      layout_basic, minmay_shop_grid_forest, uniq_prince_ribbit1, uniq_ijyb
D:6:      layout_loops_ring, minmay_temple_entry_arrows, gup_sewer_entry_pipe,
          nicolae_shop_gadgets
D:7:      layout_loops_ring, nicolae_elemental_shop
D:8:      layout_basic, gammafunk_temple_overflow_claw, enter_bailey_7,
          serial_bayou_pond_c, uniq_joseph
D:9:      cheibrodos_frozen_isle, layout_rooms, slow_altar_1, lair_entry_dummy,
          kennysheep_generic_room_5
Temple:   regret_index_temple_waves

Skill      XL: |  1  2  3  4  5  6  7  8  9 10 11 |
---------------+----------------------------------+-----
Invocations    | 1 2 3 4 5 6 |  6.6
Long Blades    | 1 2 3 5 6 |  6.1
Axes           | 1 2 3 5 6 |  6.1
Maces & Flails | 1 2 3 5 6 |  6.1
Polearms       | 1 2 3 5 6 |  6.1
Staves         | 1 2 3 5 6 |  6.1
Slings         | 1 2 3 5 6 |  6.1
Bows           | 1 2 3 5 6 |  6.1
Crossbows      | 1 2 3 5 6 |  6.1
Armour         | 1 2 3 5 6 |  6.1
Shields        | 1 2 3 5 6 |  6.1
Unarmed Combat | 1 2 3 5 6 |  6.1
Spellcasting   | 1 2 3 5 6 |  6.1
Evocations     | 1 2 3 5 6 |  6.1
Conjurations   | 1 2 3 4 5 |  5.0
Hexes          | 1 2 3 4 5 |  5.0
Summonings     | 1 2 3 4 5 |  5.0
Necromancy     | 1 2 3 4 5 |  5.0
Translocations | 1 2 3 4 5 |  5.0
Transmutations | 1 2 3 4 5 |  5.0
Fire Magic     | 1 2 3 4 5 |  5.0
Ice Magic      | 1 2 3 4 5 |  5.0
Air Magic      | 1 2 3 4 5 |  5.0
Earth Magic    | 1 2 3 4 5 |  5.0
Poison Magic   | 1 2 3 4 5 |  5.0
Dodging        | 3 4 5 6 |  6.6
Stealth        | 8 9 |  9.9
Fighting       | 5 6 7 |  7.7
Short Blades   | 5 6 7 |  7.7
Throwing       | 5 6 7 |  7.7

Action                   |  1- 3 |  4- 6 |  7- 9 | 10-12 || total
-------------------------+-------+-------+-------+-------++-------
Melee: Dagger            |    68 |    81 |    83 |    25 ||   257
       Bite              |     8 |    10 |    17 |    16 ||    51
       Punch             |       |     3 |     6 |     4 ||    13
       Mace              |       |       |    35 |       ||    35
       Scimitar          |       |       |    60 |    86 ||   146
 Fire: Hunting sling     |       |    12 |   114 |   223 ||   349
       Hand crossbow     |       |       |    23 |       ||    23
Throw: Dart              |       |     6 |     1 |    10 ||    17
 Cast: Frozen Ramparts   |       |       |     3 |     8 ||    11
Invok: Heroism           |       |       |       |     5 ||     5
Evoke: Wand              |       |       |       |     1 ||     1
  Use: Scroll            |     5 |     2 |     5 |     4 ||    16
 Stab: Sleeping          |    17 |     1 |    21 |     7 ||    46
       Distracted        |       |     1 |       |       ||     1
Armor: Robe              |     5 |    14 |    23 |    23 ||    65
Dodge: Dodged            |    15 |    30 |    89 |    68 ||   202
Block: Kite shield       |       |       |       |    31 ||    31
